 Dungeon Crawl Stone Soup version 0.20-a0-739-g6bb112f (webtiles) character file.

173788 mefis231 the Severer (level 17, -8/159 HPs)
             Began as a Minotaur Berserker on Feb 23, 2017.
             Was the Champion of Trog.
             Shot with an arrow by a naga sharpshooter (13 damage)
             ... on level 4 of the Snake Pit on Feb 24, 2017.
             The game lasted 01:25:43 (23259 turns).

mefis231 the Severer (Minotaur Berserker)          Turns: 23259, Time: 01:25:43

Health: -8/159     AC: 33    Str: 31    XL:     17   Next: 43%
Magic:  23/23      EV: 16    Int:  4    God:    Trog [******]
Gold:   2080       SH:  4    Dex: 20    Spells: 16/16 levels left

rFire    . . .     SeeInvis .   V - +5 battleaxe (venom)
rCold    + . .     Gourm    .   z - +1 crystal plate armour of Indecent Exposure {rC+ Str+6}
rNeg     . . .     Faith    .   (shield currently unavailable)
rPois    +         Spirit   .   G - +0 hat
rElec    .         Reflect  .   y - +1 cloak
rCorr    .         Harm     .   M - +0 pair of gloves
MR       +++..                  (no boots)
Stlth    ..........             r - amulet of regeneration
Regen    1.0/turn               N - +5 ring of slaying
MPRegen  0.2/turn               m - ring of poison resistance

@: lethally poisoned (-8 -> -8), exhausted, very slightly contaminated,
regenerating, hasted and slowed, constricted, studying Armour
A: retaliatory headbutt, claws 1, hooves 1, horns 2, repulsion field 1, large
bone plates 1, molten scales 1, agile 2, shaggy fur 1, inhibited regeneration,
strong 1, no potion heal 1
a: Berserk, Trog's Hand, Brothers in Arms, Burn Spellbooks, Renounce Religion


You were on level 4 of the Snake Pit.
You worshipped Trog.
Trog was exalted by your worship.
You were not hungry.

You visited 4 branches of the dungeon, and saw 27 of its levels.
You visited the Abyss 1 time.

You collected 3480 gold pieces.
You spent 1400 gold pieces at shops.

Inventory:

Hand Weapons
 c - a +1 battleaxe of flaming
 t - a +6 antimagic battleaxe
 v - a +2 antimagic executioner's axe
 V - a +5 battleaxe of venom (weapon)
Armour
 f - the +10 plate armour of Zewim {*Slow rF++ Regen+ Dex+2}
   (You acquired it on level 11 of the Dungeon)

   It affects your dexterity (+2).
   It greatly protects you from fire.
   It increases your rate of regeneration.
   It may slow you when you take damage.
 y - a +1 cloak (worn)
 z - the +1 crystal plate armour of Indecent Exposure (worn) {rC+ Str+6}
   (You acquired it on level 6 of the Dungeon)

   It affects your strength (+6).
   It protects you from cold.
 G - a +0 hat (worn)
 M - a +0 pair of gloves (worn)
Jewellery
 h - a +3 ring of strength
 m - a ring of poison resistance (left hand)
 q - the ring "Cuipn" {Ice rElec MR+ Dex+4}
   (You found it on level 2 of the Lair of Beasts)

   [ring of ice]

   It enhances your ice magic.
   It affects your dexterity (+4).
   It makes you vulnerable to fire.
   It protects you from cold.
   It insulates you from electricity.
   It affects your resistance to hostile enchantments.
 r - an amulet of regeneration (around neck)
 N - a +5 ring of slaying (right hand)
 X - an uncursed ring of protection from cold
Wands
 a - a wand of acid (8/15)
 o - a wand of lightning (7/15)
 p - a wand of confusion (26/48)
 H - a wand of iceblast (6/15)
 T - a wand of paralysis (8/24)
 Z - a wand of disintegration (20/24)
Scrolls
 g - a scroll of fog
 j - 6 scrolls of recharging
 k - 5 scrolls of fear {unknown}
 s - a scroll of enchant weapon
 u - 17 scrolls of teleportation
 w - 8 scrolls of remove curse
 A - 5 scrolls of identify
 F - a scroll of summoning {unknown}
 I - a scroll of holy word {unknown}
 K - 3 scrolls of vulnerability {unknown}
 O - 4 scrolls of magic mapping {unknown}
 P - 3 scrolls of blinking {unknown}
 Q - 2 scrolls of random uselessness {unknown}
 Y - a scroll of silence {unknown}
Potions
 b - 5 potions of curing
 e - 2 potions of resistance {unknown}
 i - 3 potions of haste
 l - a potion of agility
 n - 3 potions of ambrosia {unknown}
 x - 2 potions of cancellation {unknown}
 B - a potion of magic {unknown}
 C - 2 potions of heal wounds {unknown}
 D - 3 potions of might {unknown}
 E - a potion of degeneration {unknown}
 J - 2 potions of berserk rage {unknown}
 L - 3 potions of flight {unknown}
 S - a potion of invisibility {unknown}
Books
 R - a manual of Armour
Comestibles
 d - 20 meat rations
 W - 2 fruits


   Skills:
 + Level 16.3 Fighting
 + Level 20.5 Axes
 + Level 16.8 Armour
 + Level 15.1 Dodging
 + Level 10.3 Evocations


You had 16 spell levels left.
You didn't know any spells.

Dungeon Overview and Level Annotations

Branches:
Dungeon (15/15)            Temple (0/1) D:6            Lair (6/6) D:9
 Shoals (0/4) Lair:4        Snake (4/4) Lair:3        Slime (0/5) Lair:5
    Orc (2/2) D:11            Elf (0/3) Orc:2        Vaults (0/5) D:14
 Depths (0/5) D:15

Altars:
Ashenzari
Dithmenos
Elyvilon
Fedhas
Hepliaklqana
Qazlal
Ru
Uskayaw
Vehumet
Wu Jian
Xom
Yredelemnul
The Shining One
Jiyva

Shops:
D:10 :   Orc:1 *   Orc:2 [}([   Snake:1 ::   Snake:3 [

Portals:
Trove: D:14 (show slimy rune of Zot)

Annotations:
D:8 exclusion: statue
Lair:1 exclusion: 2 oklob plants


Innate Abilities, Weirdness & Mutations

You reflexively headbutt those who attack you in melee.
You have a pair of horns on your head.
You have sharp fingernails.
You have large cloven feet.
You are surrounded by a mild repulsion field. (EV +2)
You are partially covered in large bone plates. (SH +4)
You are partially covered in molten scales. (AC +2)
You are very agile. (Dex +4)
You are covered in fur. (AC +1)
You do not regenerate when monsters are visible.
Your muscles are strong. (Str +2)
Potions are less effective at restoring your health.


Message History

The naga warrior hits you with a war axe!
* * * LOW HITPOINT WARNING * * *
The naga warrior grabs you. The naga warrior constricts you.
The naga mage hits you but does no damage. x2 2 nagas come into view.
The naga warrior's grasp on you weakens, but your attempt to escape fails.
You feel sick.
Your stone giant hits the naga ritualist!!
The naga ritualist dies!
Trog accepts your kill.
Trog appreciates your killing of a magic user.
The nagaraja hits your stone giant but does no damage.
You block the naga mage's attack. The naga mage barely misses you.
The naga mage hits you but does no damage.
The naga warrior hits you with a war axe.
* * * LOW HITPOINT WARNING * * *
x2 The naga warrior constricts you.
Your stone giant hits the nagaraja!!
The nagaraja hits your stone giant with a spear!
The naga sharpshooter shoots an arrow.
The arrow hits you!
You die...

##.................####....##...#
#.......###........# ##.#....###
####....# #........# ##..#..#.#
##.#....####..#....###........##
#.....##.###..###........))....#
.......##.##..######...........##
.......###.#.)())).#<..)........#
######## ########N.)##...########
#.@NC.........# #NNN...../....#
#NNNN.........# #.N...)....#..#
#.N..)........# ##..#.C)NN...##
##....NN..### #....NNN..#
....#.......N


You could see 2 naga warriors, a nagaraja, 3 naga sharpshooters, 7 naga magi, 5
nagas, a friendly stone giant (berserk) and a friendly cyclops (berserk).

Vanquished Creatures
  Saint Roka (Orc:2)
  Asterion (Snake:1)
  A tentacled starspawn (Abyss:2)
  Kirke (Snake:2)
  Agnes (D:14)
  2 nagarajas
  An orc warlord (Orc:1)
  Louise (D:14)
  Azrael (D:13)
  Josephine (D:10)
  Harold (Lair:3)
  Erolcha (D:12)
  Snorg (Orc:1)
  4 ogre magi
  2 hydras
  Erica (D:8)
  8 naga warriors
  The ghost of herpmino the Cleaver, a journeyman FoBe of Trog (D:11)
  5 centaur warriors
  2 ice dragons
  11 anacondas
  A death knight (D:14)
  10 death yaks
  21 two-headed ogres
  2 vampire magi (D:13)
  10 naga sharpshooters
  Nergalle (D:10)
  A wretched star (Abyss:2)
  4 shock serpents
  2 skeletal warriors (D:14)
  A salamander mystic (Snake:4)
  Sonja (D:10)
  4 naga ritualists
  An unseen horror (D:15)
  A lindwurm (Lair:6)
  Pikel (D:6)
  5 wizards
  8 ugly things
  2 oklob plants
  An orc knight (Orc:1)
  8 mana vipers
  3 deep elf magi (D:13)
  2 manticores
  8 salamanders
  3 cyclopes
  A wolf spider (Lair:6)
  16 naga magi
  2 elephants (Lair:2)
  Joseph (D:7)
  29 black mambas
  5 gargoyles
  4 guardian serpents
  10 spiny frogs
  5 torpor snails (Lair:6)
  4 komodo dragons
  A rime drake (shapeshifter) (D:14)
  5 rime drakes
  A kobold demonologist (D:13)
  A freezing wraith (D:14)
  11 trolls
  A large abomination (Abyss:1)
  A queen bee (Lair:2)
  3 meliai (D:13)
  4 tyrant leeches (Lair:6)
  10 polar bears
  7 hornets (Lair:6)
  Prince Ribbit (D:5)
  8 slime creatures
  11 blink frogs
  4 raiju (Lair:6)
  16 hippogriffs
  A spriggan (D:7)
  A shadow (D:15)
  2 vampires
  8 wraiths
  33 yaks
  The ghost of Sapher the Ruffian, an amateur VSTm (D:6)
  6 hogs (Snake:2)
  4 wyverns
  A spriggan (shapeshifter) (D:13)
  2 fire elementals (D:13)
  3 basilisks
  A hungry ghost (D:12)
  A chaos spawn (Abyss:1)
  Grum (D:8)
  Edmund (D:6)
  14 wargs
  39 nagas
  An acid dragon (D:11)
  11 water moccasins
  15 hell hounds
  Duvessa (D:5)
  A floating eye (shapeshifter) (D:15)
  14 porcupines
  20 orc warriors
  A hornet zombie (D:6)
  2 necrophages
  7 sky beasts
  A slave (D:6)
  13 black bears
  5 ice beasts
  2 phantoms
  2 small abominations (Abyss:2)
  36 ogres
  15 crocodiles
  31 wolves
  4 centaurs
  A big kobold (D:6)
  Blork the orc (D:6)
  18 bullfrogs
  A gnoll sergeant (D:10)
  Dowan (D:5)
  5 scorpions
  33 killer bees
  3 wights (D:15)
  A howler monkey (D:4)
  An electric eel (D:11)
  3 crimson imps
  2 bullfrog zombies
  2 lava snakes
  4 centaur zombies
  A quasit (Abyss:2)
  7 hounds
  5 jellies
  13 orc priests
  A gnoll shaman (D:7)
  Crazy Yiuf (D:4)
  6 iguanas
  8 orc wizards
  4 centaur skeletons
  8 worker ants
  A hell rat (Lair:2)
  A killer bee zombie (D:8)
  3 hound skeletons
  A worker ant zombie (D:7)
  Robin (D:4)
  16 gnolls
  A howler monkey skeleton (D:4)
  6 adders
  2 river rats (Lair:2)
  3 shadow imps
  An adder skeleton (D:6)
  2 worms (D:3)
  A dart slug (D:5)
  4 leopard geckos
  58 orcs
  3 ball pythons
  6 bats
  4 giant cockroaches
  15 hobgoblins
  9 jackals
  9 kobolds
  2 quokkas
  2 frilled lizards
  14 goblins
  A quokka skeleton (D:5)
  5 rats
  30 plants
  2 starspawn tentacles (Abyss:2)
945 creatures vanquished.

Vanquished Creatures (collateral kills)
  2 hydras
  2 naga ritualists (Snake:4)
  A naga mage (Snake:4)
  A naga (Snake:4)
6 creatures vanquished.

Vanquished Creatures (others)
  A nagaraja (Snake:4)
  3 slaves (D:6)
  An iguana (D:10)
  A fungus (D:9)
  17 plants (Lair:6)
  2 starspawn tentacles (Abyss:2)
25 creatures vanquished.

Grand Total: 976 creatures vanquished

Notes
Turn   | Place    | Note
-------+----------+-------------------------------------------
     0 | D:1      | mefis231 the Minotaur Berserker began the quest for the Orb.
     0 | D:1      | Reached XP level 1. HP: 19/19 MP: 0/0
    83 | D:1      | Reached skill level 4 in Axes
   129 | D:1      | Reached XP level 2. HP: 26/26 MP: 1/1
   262 | D:1      | Reached ** piety under Trog
   317 | D:1      | Reached skill level 5 in Axes
   627 | D:2      | Reached XP level 3. HP: 29/31 MP: 2/2
   683 | D:2      | Found a white marble altar of Elyvilon.
   778 | D:2      | Found a faded altar of an unknown god.
   778 | D:2      | Found a stormy altar of Qazlal.
   783 | D:2      | Found a hide-covered altar of Uskayaw.
   785 | D:2      | Found a faded altar of an unknown god.
   786 | D:2      | Found a hazy altar of Hepliaklqana.
   974 | D:2      | Found a sacrificial altar of Ru.
  1160 | D:3      | Reached skill level 6 in Axes
  1160 | D:3      | Reached XP level 4. HP: 39/39 MP: 3/3
  1338 | D:3      | Found a shadowy altar of Dithmenos.
  1347 | D:3      | Reached XP level 5. HP: 20/45 MP: 4/4
  1353 | D:3      | Reached skill level 7 in Axes
  1417 | D:3      | Reached *** piety under Trog
  1708 | D:4      | Found a runed door.
  1712 | D:4      | Noticed Crazy Yiuf
  1716 | D:4      | Killed Crazy Yiuf
  1900 | D:4      | Noticed Robin
  1930 | D:4      | Reached skill level 8 in Axes
  2061 | D:4      | Reached XP level 6. HP: 51/51 MP: 5/5
  2229 | D:4      | Killed Robin
  2445 | D:5      | Entered Level 5 of the Dungeon
  2498 | D:5      | Noticed Dowan
  2499 | D:5      | Noticed Duvessa
  2509 | D:5      | Killed Duvessa
  2509 | D:5      | Reached skill level 9 in Axes
  2518 | D:5      | Killed Dowan
  2518 | D:5      | Reached XP level 7. HP: 31/57 MP: 6/6
  2570 | D:5      | Reached skill level 10 in Axes
  2936 | D:5      | Noticed a hippogriff
  2948 | D:5      | Killed a hippogriff
  2948 | D:5      | Reached skill level 11 in Axes
  3014 | D:5      | Noticed Prince Ribbit
  3053 | D:6      | Reached XP level 8. HP: 46/66 MP: 7/7
  3432 | D:5      | Killed Prince Ribbit
  3444 | D:5      | Found a shimmering altar of Xom.
  3542 | D:6      | Received a gift from Trog
  3617 | D:6      | Noticed Blork the orc
  3623 | D:6      | Killed Blork the orc
  3623 | D:6      | Reached **** piety under Trog
  3623 | D:6      | Reached skill level 5 in Fighting
  3650 | D:6      | Noticed Pikel
  3652 | D:6      | Noticed Sapher's ghost (amateur VSTm)
  3678 | D:6      | Killed Pikel
  3678 | D:6      | Reached skill level 12 in Axes
  3678 | D:6      | Reached XP level 9. HP: 69/74 MP: 8/8
  3679 | D:6      | Killed Sapher's ghost
  3679 | D:6      | Reached skill level 5 in Armour
  3808 | D:6      | Noticed Edmund
  3823 | D:6      | Killed Edmund
  4013 | D:6      | Found a staircase to the Ecumenical Temple.
  4139 | D:6      | Found a glowing golden altar of the Shining One.
  4148 | D:6      | Identified 2 scrolls of acquirement
  4151 | D:6      | Got a brightly glowing crystal plate armour
  4162 | D:6      | Identified the +1 crystal plate armour of Indecent Exposure {rC+ Str+6} (You acquired it on level 6 of the Dungeon)
  4215 | D:6      | Reached skill level 5 in Dodging
  4358 | D:6      | Reached skill level 13 in Axes
  4362 | D:6      | Gained mutation: You are resistant to hostile enchantments. (MR+) [mutagenic meat]
  4363 | D:6      | Gained mutation: You have sharp fingernails. [mutagenic meat]
  4364 | D:6      | Gained mutation: You are robust. (+10% HP) [mutagenic meat]
  4365 | D:6      | Lost mutation: You are robust. (+10% HP) [mutagenic meat]
  4366 | D:6      | Gained mutation: You are highly resistant to hostile enchantments. (MR++) [mutagenic meat]
  4449 | D:7      | Noticed Joseph
  4449 | D:7      | Noticed a two-headed ogre
  4461 | D:7      | Killed Joseph
  4463 | D:7      | Killed a two-headed ogre
  4463 | D:7      | Reached XP level 10. HP: 86/86 MP: 9/9
  5143 | D:8      | Reached skill level 14 in Axes
  5167 | D:8      | Noticed Grum
  5176 | D:8      | Killed Grum
  5370 | D:8      | Reached ***** piety under Trog
  5464 | D:8      | Noticed a two-headed ogre
  5473 | D:8      | Noticed Erica
  5474 | D:8      | Killed a two-headed ogre
  5483 | D:8      | Killed Erica
  5498 | D:8      | Cast into level 1 of the Abyss (gnoll)
  5523 | Abyss:1  | Noticed a starcursed mass
  5563 | Abyss:1  | Noticed a spatial maelstrom
  5803 | Abyss:2  | Noticed a wretched star
  5806 | Abyss:2  | Lost intelligence.
  5812 | Abyss:2  | Noticed a tentacled starspawn
  5818 | Abyss:2  | Killed a tentacled starspawn
  5818 | Abyss:2  | Reached skill level 15 in Axes
  5818 | Abyss:2  | Reached XP level 11. HP: 97/97 MP: 7/8
  5827 | Abyss:2  | Killed a wretched star
  5829 | D:8      | Escaped the Abyss
  6060 | D:8      | Found a radiant altar of Vehumet.
  6122 | D:8      | Found an ornate altar of the Wu Jian Council.
  6345 | D:9      | Noticed a two-headed ogre
  6354 | D:9      | Killed a two-headed ogre
  6415 | D:9      | Got a dazzling whip
  6416 | D:9      | Identified the +1 whip of Tesu {elec, *Corrode +Inv rPois MR+} (You found it on level 9 of the Dungeon)
  6496 | D:9      | Found a basalt altar of Yredelemnul.
  6742 | D:9      | Found a staircase to the Lair.
  6799 | Lair:1   | Entered Level 1 of the Lair of Beasts
  6800 | Lair:1   | Upgraded the game from 0.20-a0-738-gb057e68 to 0.20-a0-739-g6bb112f
  7180 | Lair:1   | Reached skill level 16 in Axes
  7390 | Lair:1   | Noticed an oklob plant
  7423 | Lair:1   | Killed an oklob plant
  7423 | Lair:1   | Reached skill level 10 in Fighting
  7431 | Lair:1   | Noticed an oklob plant
  7454 | Lair:1   | Noticed an oklob plant
  7508 | Lair:2   | Reached XP level 12. HP: 62/106 MP: 11/11
  7686 | Lair:2   | Found a sacrificial altar of Ru.
  7933 | Lair:2   | Received a gift from Trog
  7933 | Lair:2   | Reached skill level 10 in Armour
  8029 | Lair:2   | Reached skill level 17 in Axes
  8150 | Lair:2   | Got a glittering granite ring
  8151 | Lair:2   | Identified the ring "Cuipn" {Ice rElec MR+ Dex+4} (You found it on level 2 of the Lair of Beasts)
  8203 | Lair:2   | Noticed a four-headed hydra
  8207 | Lair:2   | Killed a four-headed hydra
  8411 | Lair:3   | Noticed Harold
  8421 | Lair:3   | Killed Harold
  8442 | Lair:3   | Found a staircase to the Snake Pit.
  8449 | Lair:3   | Reached skill level 1 in Evocations
  8454 | Lair:3   | Reached skill level 10 in Dodging
  8811 | Lair:3   | Noticed an eight-headed hydra
  8818 | Lair:3   | Killed an eight-headed hydra
  9175 | Lair:4   | Reached XP level 13. HP: 116/116 MP: 13/13
  9199 | Lair:4   | Found a staircase to the Shoals.
  9244 | Lair:4   | You fall through a shaft!
  9969 | Lair:5   | You fall through a shaft!
  9969 | Lair:6   | Entered Level 6 of the Lair of Beasts
 10005 | Lair:5   | Found a staircase to the Slime Pits.
 10005 | Lair:5   | Found a viscous altar of Jiyva.
 10045 | Lair:5   | Found a shadowy altar of Dithmenos.
 10434 | Lair:6   | Received a gift from Trog
 10643 | Lair:6   | Reached skill level 18 in Axes
 10769 | Lair:6   | Found a runed door.
 10901 | Lair:6   | Paralysed by a hornet for 2 turns
 11634 | Lair:6   | Reached XP level 14. HP: 93/127 MP: 16/16
 11643 | Lair:6   | Received a gift from Trog
 12073 | Lair:6   | Reached skill level 5 in Evocations
 12586 | D:10     | Entered Level 10 of the Dungeon
 12661 | D:10     | Noticed Sonja
 12669 | D:10     | Killed Sonja
 12812 | D:10     | Noticed Josephine
 12820 | D:10     | Noticed Nergalle
 12820 | D:10     | Killed Josephine
 12836 | D:10     | Killed Nergalle
 13236 | D:10     | Found Hyc Uria's Book Shoppe.
 13836 | D:11     | Noticed herpmino's ghost (journeyman FoBe)
 13853 | D:11     | Killed herpmino's ghost
 13879 | D:11     | Received a gift from Trog
 13959 | D:11     | Found a staircase to the Orcish Mines.
 14348 | D:11     | Reached ****** piety under Trog
 14662 | Orc:1    | Entered Level 1 of the Orcish Mines
 14748 | Orc:1    | Noticed an orc warlord
 14749 | Orc:1    | Found Mofie's Assorted Antiques.
 14766 | Orc:1    | Killed an orc warlord
 14805 | Orc:1    | Bought a scroll of identify for 54 gold pieces
 14805 | Orc:1    | Bought a runed silver wand for 108 gold pieces
 14805 | Orc:1    | Bought a coppery potion for 24 gold pieces
 14944 | Orc:1    | Noticed Snorg
 14952 | Orc:1    | Killed Snorg
 15150 | Orc:2    | Entered Level 2 of the Orcish Mines
 15155 | Orc:2    | Noticed Saint Roka
 15460 | Orc:2    | Killed Saint Roka
 15557 | Orc:2    | Found a staircase to the Elven Halls.
 15594 | Orc:1    | Reached XP level 15. HP: 67/137 MP: 17/19
 15797 | Orc:2    | Reached skill level 19 in Axes
 15799 | Orc:2    | Received a gift from Trog
 16152 | Orc:2    | Found Ekkirr's Armour Shop.
 16152 | Orc:2    | Found Haoc's Gadget Shoppe.
 16153 | Orc:2    | Found Duddevve's Weapon Shoppe.
 16153 | Orc:2    | Found Ysucsac's Armour Boutique.
 16347 | D:11     | Got an encrusted plate armour
 16358 | D:11     | Identified the +10 plate armour of Zewim {*Slow rF++ Regen+ Dex+2} (You acquired it on level 11 of the Dungeon)
 16721 | D:12     | Noticed Erolcha
 16730 | D:12     | Killed Erolcha
 17056 | D:13     | Noticed Azrael
 17068 | D:13     | Killed Azrael
 17225 | D:13     | Received a gift from Trog
 17368 | D:13     | Gained mutation: Scrolls take you a little longer to read. [mutagenic meat]
 17888 | D:14     | Got a scorched cloak
 17899 | D:14     | Identified the cursed +0 cloak of the Pits of Slime {Int-3 Dex+6} (You found it on level 14 of the Dungeon)
 17942 | D:14     | Found a gate to the Vaults.
 17982 | D:14     | Noticed Agnes
 17987 | D:14     | Killed Agnes
 18000 | D:14     | Found a shattered altar of Ashenzari.
 18068 | D:14     | Gained mutation: Your magical capacity is low. (-10% MP) [mutagenic meat]
 18069 | D:14     | Gained mutation: Potions are less effective at restoring your health. [mutagenic meat]
 18210 | D:14     | Reached XP level 16. HP: 147/147 MP: 18/18
 18325 | D:14     | Gained mutation: You are weak. (Str -2) [mutagenic meat]
 18326 | D:14     | Gained mutation: You are very weak. (Str -4) [mutagenic meat]
 18336 | D:14     | Lost mutation: You are very weak. (Str -4) [potion of mutation]
 18336 | D:14     | Lost mutation: You are weak. (Str -2) [potion of mutation]
 18336 | D:14     | Lost mutation: You are highly resistant to hostile enchantments. (MR++) [potion of mutation]
 18336 | D:14     | Gained mutation: Your magical capacity is very low. (-20% MP) [potion of mutation]
 18336 | D:14     | Gained mutation: You are covered in fur. (AC +1) [potion of mutation]
 18337 | D:14     | Lost mutation: Your magical capacity is very low. (-20% MP) [potion of mutation]
 18337 | D:14     | Lost mutation: Scrolls take you a little longer to read. [potion of mutation]
 18337 | D:14     | Gained mutation: You are dopey. (Int -2) [potion of mutation]
 18337 | D:14     | Gained mutation: You are highly resistant to hostile enchantments. (MR++) [potion of mutation]
 18338 | D:14     | Lost mutation: You are dopey. (Int -2) [potion of mutation]
 18338 | D:14     | Lost mutation: Your magical capacity is low. (-10% MP) [potion of mutation]
 18338 | D:14     | Lost mutation: You are highly resistant to hostile enchantments. (MR++) [potion of mutation]
 18338 | D:14     | Lost mutation: You are resistant to hostile enchantments. (MR+) [potion of mutation]
 18338 | D:14     | Gained mutation: You do not regenerate when monsters are visible. [potion of mutation]
 18338 | D:14     | Gained mutation: Your magical capacity is low. (-10% MP) [potion of mutation]
 18338 | D:14     | Gained mutation: You are partially covered in molten scales. (AC +2) [potion of mutation]
 18339 | D:14     | Lost mutation: Your magical capacity is low. (-10% MP) [potion of mutation]
 18339 | D:14     | Lost mutation: You have sharp fingernails. [potion of mutation]
 18339 | D:14     | Lost mutation: You do not regenerate when monsters are visible. [potion of mutation]
 18339 | D:14     | Gained mutation: You have sharp fingernails. [potion of mutation]
 18339 | D:14     | Gained mutation: You are agile. (Dex +2) [potion of mutation]
 18339 | D:14     | Gained mutation: You have large cloven feet. [potion of mutation]
 18339 | D:14     | Gained mutation: Your muscles are strong. (Str +2) [potion of mutation]
 18406 | D:14     | Received a gift from Trog
 18478 | D:14     | Found a portal to a secret trove of treasure.
 18490 | D:14     | Noticed Louise
 18502 | D:14     | Killed Louise
 18585 | D:14     | Gained mutation: You are surrounded by a mild repulsion field. (EV +2) [mutagenic meat]
 18586 | D:14     | Gained mutation: You are partially covered in large bone plates. (SH +4) [mutagenic meat]
 18587 | D:14     | Gained mutation: You are very agile. (Dex +4) [mutagenic meat]
 18588 | D:14     | Gained mutation: You do not regenerate when monsters are visible. [mutagenic meat]
 18661 | D:15     | Entered Level 15 of the Dungeon
 18810 | D:15     | Found a sacrificial altar of Ru.
 19209 | D:15     | Reached skill level 15 in Fighting
 19298 | D:15     | Found a staircase to the Depths.
 19659 | Snake:1  | Entered Level 1 of the Snake Pit
 19708 | Snake:1  | Noticed Asterion
 19725 | Snake:1  | Killed Asterion
 20170 | Snake:1  | Found Qonuv's Book Shop.
 20184 | Snake:1  | Reached skill level 15 in Armour
 20212 | Snake:1  | Bought a manual of Armour for 1214 gold pieces
 20708 | Snake:1  | Found Gafudali's Book Shoppe.
 20712 | Snake:1  | Reached skill level 20 in Axes
 21066 | Snake:2  | Received a gift from Trog
 21265 | Snake:2  | Noticed Kirke
 21281 | Snake:2  | Killed Kirke
 21497 | Snake:2  | Found a blossoming altar of Fedhas.
 22122 | Snake:3  | Received a gift from Trog
 22252 | Snake:3  | Found Elyuggeh's Armour Shop.
 22277 | Snake:3  | Reached XP level 17. HP: 124/158 MP: 23/23
 22544 | Snake:4  | Entered Level 4 of the Snake Pit
 22738 | Snake:4  | Reached skill level 10 in Evocations
 22864 | Snake:4  | Reached skill level 15 in Dodging
 22871 | Snake:4  | Received a gift from Trog
 23259 | Snake:4  | HP: 5/159 [naga warrior/war axe (6)]
 23259 | Snake:4  | Shot with an arrow by a naga sharpshooter

Vault maps used:
D:1:      mrwooster_arrival_statue_2, serial_forest,
          infiniplex_forest_clump_small, infiniplex_forest_clump_long,
          infiniplex_forest_lined_4_way, infiniplex_forest_corner_1,
          infiniplex_forest_straight_3
D:2:      marbit_many_paths, elyvilon_altar_5,
          chequers_temple_overflow_minitemple
D:3:      nicolae_dithmenos_shadow_blocks, first_bread
D:4:      minivault_1, uniq_crazy_yiuf_cottage, uniq_robin
D:5:      lemuel_coloured_pillars_altar, uniq_prince_ribbit1, uniq_duvessa
D:6:      temple_doors_ab, basic_altar, uniq_edmund, uniq_pikel,
          uniq_blork_the_orc
D:7:      the_bakery, uniq_joseph
D:8:      vehumet_statue, kennysheep_little_box, kennysheep_big_empty_room,
          uniq_grum, uniq_erica
D:9:      overflow_temple_1_default, grunt_lair_entry_orc_guard_hut
D:10:     serial_shops, kennysheep_mini, uniq_sonja, uniq_nergalle,
          uniq_josephine
D:11:     dragon1_lemuel, minmay_orc_entry_guard_dogs
D:12:     uniq_erolcha
D:13:     minmay_guarded_unrand_prune, uniq_azrael
D:14:     david_vaults_1, lemuel_doored_altar, enter_trove_6, uniq_louise,
          uniq_agnes
D:15:     hangedman_depths_entry_try_elsewhere_first,
          hangedman_decor_peaks_small, lemuel_oklob_altar
Lair:1:   minmay_lair_oklob_tunnel, lemuel_fruit_tree
Lair:2:   regret_index_combs_of_tragedy, basic_altar, infiniplex_staircase_pool,
          serial_bayou_shore_b
Lair:3:   guppyfry_snake_entry_garden, beast_lair_carwin_6, grunt_megastairs_1,
          lemuel_fruit_fields, uniq_harold
Lair:4:   minmay_shoals_entry_centaurs, st_stairs_8, grunt_megastairs_3
Lair:5:   slime_altar_1, basic_altar
Lair:6:   hangedman_lair_caniforms_friends, wormcave,
          grunt_forest_small_clearing_treed, grunt_megastairs_4
Snake:1:  serial_shops, shop, shop_fountains, hangedman_snake_corridor_cut,
          uniq_asterion
Snake:2:  basic_altar, uniq_kirke
Snake:3:  serial_shops, shop
Snake:4:  snake_pit
Orc:1:    serial_shops, shop, nicolae_orc_tapped_out, uniq_snorg
Orc:2:    st_orc_ogre_mass, uniq_saint_roka

Skill      XL: |  1  2  3  4  5  6  7  8  9 10 11 12 13 14 15 16 17 |
---------------+----------------------------------------------------+-----
Axes           | 4 5 6 8 9 11 12 13 15 16 17 18 19 20 | 20.5
Fighting       | 4 5 7 9 10 11 12 13 14 15 16 | 16.3
Armour         | 4 6 8 9 10 12 13 14 16 | 16.8
Dodging        | 4 5 7 8 10 11 12 13 14 15 | 15.1
Evocations     | 2 4 6 8 9 10 | 10.3

Action                   |  1- 3 |  4- 6 |  7- 9 | 10-12 | 13-15 | 16-18 || total
-------------------------+-------+-------+-------+-------+-------+-------++-------
Melee: Hand axe          |    53 |   107 |   213 |   209 |       |       ||   582
       Headbutt          |     3 |    23 |    48 |   207 |   312 |   158 ||   751
       Battleaxe         |       |       |       |   264 |   228 |   456 ||   948
       War axe           |       |       |       |   192 |   773 |       ||   965
       Kick              |       |       |       |       |       |   228 ||   228
Invok: Berserk           |     2 |     2 |     5 |     6 |    10 |     2 ||    27
       Burn Spellbooks   |       |     1 |       |     2 |     3 |     1 ||     7
       Trog's Hand       |       |       |       |     5 |     5 |     2 ||    12
       Brothers in Arms  |       |       |       |     2 |       |     2 ||     4
  Use: Scroll            |       |       |     7 |     6 |     4 |     6 ||    23
       Potion            |       |       |       |       |       |     7 ||     7
 Stab: Distracted        |       |       |       |       |       |     1 ||     1
  Eat: Chunk             |     2 |     5 |    17 |    21 |    60 |    24 ||   129
       Royal jelly       |       |       |       |     1 |       |       ||     1
       Fruit             |       |       |       |     2 |     4 |       ||     6
Armor: Animal skin       |    11 |    15 |     3 |       |       |       ||    29
       Chain mail        |       |       |    47 |       |       |       ||    47
       Crystal plate arm |       |       |    13 |   345 |   403 |   183 ||   944
       Plate armour      |       |       |       |       |   101 |    44 ||   145
Dodge: Dodged            |    41 |    36 |    82 |   202 |   552 |   314 ||  1227
Block: Other             |       |       |       |       |       |    56 ||    56
